 Dungeon Crawl Stone Soup version 0.24-a0-333-g864f2b5 (webtiles) character file.

Game seed: 13420383954383618225

40 Quack the Slasher (level 3, -4/34 HPs)
             Began as a Naga Monk on May 16, 2019.
             Was a Plaything of Xom.
             Slain by a worm (5 damage)
             ... on level 2 of the Dungeon.
             The game lasted 00:05:44 (1541 turns).

Quack the Slasher (Naga Monk)                       Turns: 1541, Time: 00:05:45

Health: -4/34      AC:  3    Str: 14    XL:     3   Next: 50%
Magic:  3/3        EV: 11    Int: 10    God:    Xom [..*...]
Gold:   38         SH:  0    Dex: 13    Spells: 2/2 levels left

rFire    . . .     SeeInvis +   a - +0 falchion
rCold    . . .     Gourm    .   (no shield)
rNeg     . . .     Faith    .   b - +0 robe
rPois    +         Spirit   .   j - +0 helmet
rElec    .         Reflect  .   (no cloak)
rCorr    .         Harm     .   (no gloves)
MR       .....                  (no barding)
Stlth    ++........             (no amulet)
HPRegen  0.11/turn              (no ring)
MPRegen  0.08/turn              (no ring)

@: lethally poisoned (-4 -> -8), very slow
A: large, see invisible, deformed body, poison resistance, slowness 2, slow
metabolism 1, spit poison 1, AC +1
a: Spit Poison, Renounce Religion


You were on level 2 of the Dungeon.
You worshipped Xom.
You were a toy of Xom.
You were not hungry.

You visited 1 branch of the dungeon, and saw 2 of its levels.

You collected 38 gold pieces.

Inventory:

Hand Weapons
 a - a +0 falchion (weapon)
Missiles
 f - 7 arrows
Armour
 b - a +0 robe (worn)
 j - a +0 helmet (worn)
Scrolls
 d - a scroll of remove curse {unknown}
 i - a scroll of amnesia {unknown}
Potions
 e - a potion of mutation {unknown}
 g - a potion of might {unknown}
 h - a potion of curing {unknown}
Comestibles
 c - 3 rations


   Skills:
 + Level 3.3 Fighting
 + Level 3.5 Long Blades
 + Level 2.8 Dodging
 + Level 3.5 Stealth


You had 2 spell levels left.
You didn't know any spells.
Your spell library was empty.

Dungeon Overview and Level Annotations

Branches:
Dungeon (2/15)

Altars:
Nemelex Xobeh
Uskayaw
Xom

Annotations:
D:2 Terence


Innate Abilities, Weirdness & Mutations

You cannot wear boots.
Your serpentine skin is tough. (AC +1)
You have supernaturally acute eyesight. (SInv)
Armour fits poorly on your strangely shaped body.
Your system is resistant to poisons. (rPois)
You cover ground very slowly.
You have a slow metabolism.
You can spit poison.


Message History

The worm is lightly wounded.
You feel sick. The adder bites you. The worm bites you!
The adder barely misses you.
You hit the worm.
The worm is moderately wounded.
You feel sick. The adder bites you.
* * * LOW HITPOINT WARNING * * *
The worm bites you.
* * * LOW HITPOINT WARNING * * *
You hit the worm.
The worm is moderately wounded.
The adder bites you.
* * * LOW HITPOINT WARNING * * *
The adder closely misses you.
You hit the worm.
The worm is heavily wounded.
The adder bites you.
* * * LOW HITPOINT WARNING * * *
The worm bites you.
You die...

#..........#
#..######### #..# #..#
###### #..#
.....####..#### #######
####.#........# .......
####.#.######.###S....$.
..[.............@w......
..##.#)###.######.......
..##.#.# # #######
..##.#.. ..##.###. ####
# ..##.. .#
#...######.## ..#### #
#............ ....
#.#............ ....#
#..............


You could see a worm and an adder.

Vanquished Creatures
  2 dart slugs (D:1)
  3 giant cockroaches
  A goblin (D:1)
  7 hobgoblins
  3 jackals (D:2)
  5 kobolds
  A ball python (D:1)
  4 bats (D:1)
  3 frilled lizards (D:1)
  6 rats
35 creatures vanquished.

Notes
Turn   | Place    | Note
-------+----------+-------------------------------------------
     0 | D:1      | Quack the Naga Monk began the quest for the Orb.
     0 | D:1      | Reached XP level 1. HP: 21/21 MP: 1/1
   265 | D:1      | Reached XP level 2. HP: 25/28 MP: 2/2
   764 | D:1      | Reached XP level 3. HP: 26/34 MP: 3/3
  1119 | D:2      | Noticed Terence
  1159 | D:2      | Found a sparkling altar of Nemelex Xobeh.
  1403 | D:2      | Found a hide-covered altar of Uskayaw.
  1413 | D:2      | Found a shimmering altar of Xom.
  1420 | D:2      | Found a shimmering altar of Xom.
  1420 | D:2      | Found a shimmering altar of Xom.
  1421 | D:2      | Found a shimmering altar of Xom.
  1422 | D:2      | Became a worshipper of Xom of Chaos
  1423 | D:2      | Found a shimmering altar of Xom.
  1541 | D:2      | HP: 1/34 [adder (4)]
  1541 | D:2      | Slain by a worm

Levels and vault maps discovered:
D:1:      nagdon_arrival_double_spiral, layout_basic, serial_forest,
          infiniplex_forest_clump_small, infiniplex_forest_clump_small,
          infiniplex_forest_clump_double, infiniplex_forest_lined_corner,
          infiniplex_forest_clump_double, infiniplex_forest_corner_1,
          infiniplex_forest_clump_small
D:2:      layout_basic, grunt_temple_overflow_open, xom_redecorated,
          first_ration, uniq_terence

Action                   || total
-------------------------++-------
Melee: Falchion          ||   116
  Use: Scroll            ||     3
       Potion            ||     1
 Stab: Sleeping          ||     8
  Eat: Ration            ||     1
Armor: Robe              ||    54
Dodge: Dodged            ||   110
       Rpst.: Falchion   ||    33

Table legend:
 A = Non-vault XP
 B = Vault XP
 C = Vault XP percentage of total XP
 D = Non-vault monster count
 E = Vault monster count
 F = Vault count percentage of total count
                 A         B        C        D         E       F
            +---------+---------+-------+---------+---------+-------
      Total |      58 |       0 |   0.0 |      35 |       0 |   0.0
            +---------+---------+-------+---------+---------+-------
        D:1 |      38 |       0 |   0.0 |      22 |       0 |   0.0
        D:2 |      20 |       0 |   0.0 |      13 |       0 |   0.0
            +---------+---------+-------+---------+---------+-------
